 Dungeon Crawl Stone Soup version 0.30.0 (webtiles) character file.

Game seed: 1664997204170288484

9 BigSol the Insei (level 2, -3/18 HPs)
             Began as an Octopode Transmuter on Sept 4, 2023.
             Slain by a kobold
             ... wielding a +0 whip
              (5 damage)
             ... on level 1 of the Dungeon.
             The game lasted 00:01:24 (208 turns).

BigSol the Insei (Octopode Transmuter)               Turns: 208, Time: 00:01:25

Health: -3/18      AC:  1    Str:  9    XL:     2   Next: 12%
Magic:  3/5        EV: 13    Int: 15    God:
Gold:   45         SH:  0    Dex: 12    Spells: 2/5 levels left

rFire   . .          .
                       - Unarmed
rCold   . . .        (no shield)
rNeg    . . .        (helmet currently unavailable)
rPois   .            (no amulet)
rElec   .            (no ring)
rCorr   .            (no ring)
SInv    .            (no ring)
Will    .....        (no ring)
Stlth   ++           (no ring)
HPRegen 0.23/turn    (no ring)
MPRegen 0.09/turn    (no ring)
                     (no ring)

%: no passive effects
@: appendages (expiring), wereblooded
A: tentacle spike 3, almost no armour, amphibious, 8 rings, camouflage 1,
gelatinous body 1, (nimble swimmer 1), tentacles
a: End Transformation


You were on level 1 of the Dungeon.
One of your tentacles had grown a beastly spike.
You visited 1 branch of the dungeon, and saw 1 of its levels.

You collected 45 gold pieces.

Inventory:

Scrolls
 b - 2 scrolls of identify {unknown}
 c - a scroll of teleportation {unknown}
Potions
 a - a potion of lignification
 d - a potion of degeneration {unknown}


   Skills:
 - Level 1.0 Fighting
 - Level 2.0 Dodging
 * Level 3.3 Unarmed Combat
 * Level 2.1 Spellcasting
 * Level 2.2 Transmutations


You had 2 spell levels left.
You knew the following spells:

 Your Spells              Type           Power      Damage    Failure   Level
a - Beastly Appendage     Tmut           16%        N/A       9%          1
b - Wereblood             Tmut           8%         N/A       13%         2

Your spell library contained the following spells:

 Spells                   Type           Power      Damage    Failure   Level
 Spider Form              Tmut/Pois      4%         N/A       38%         3
 Ice Form                 Ice/Tmut       4%         N/A       80%         4


Dungeon Overview and Level Annotations

Branches:
Dungeon (1/15)

Altars:


Innate Abilities, Weirdness & Mutations

One of your tentacles has grown a beastly spike.
You cannot wear most types of armour.
You are amphibious.
You can wear up to eight rings at the same time.
Your skin changes colour to match your surroundings (Stealth+).
Your rubbery body absorbs attacks. (AC +1, EV +1)
((You are camouflaged when in or above water. (Stealth+)))
You have tentacles for arms and can constrict up to eight enemies at once.


Message History

Found a stone staircase leading down.
You see here a +0 dagger.
A frilled lizard comes into view.
The frilled lizard hisses angrily.
A kobold comes into view. It is wielding a +0 whip.
Found an embroidered scarf.
The kobold shouts!
Casting: Beastly Appendage (safe; 9% risk of failure)
Confirm with . or Enter, or press ? or * to list all spells.
One of your tentacles grows a vicious spike.
A jackal comes into view.
The jackal barks!
You tentacle-slap the frilled lizard.
You kill the frilled lizard!
A jackal comes into view.
The kobold misses you.
Things that are here:
7 stones; a frilled lizard corpse The jackal barks!
You tentacle-slap the kobold but do no damage.
Your grab misses the kobold.
You pierce the kobold.
Your squeeze misses the kobold.
The kobold is moderately wounded.
A jackal comes into view.
A rat comes into view.
The kobold hits you with a +0 whip. The kobold attacks as you move away!
The kobold hits you with a +0 whip.
A jackal comes into view.
The kobold attacks as you move away! The kobold hits you with a +0 whip.
You see here a +0 dagger.
The jackal bites you.
Casting: Beastly Appendage (safe; 9% risk of failure)
Confirm with . or Enter, or press ? or * to list all spells.
Your blood is infused with primal strength.
Your transformation is almost over.
The jackal closely misses you. The kobold attacks as you move away!
The kobold hits you with a +0 whip.
* * * LOW HITPOINT WARNING * * *
The jackal misses you. The kobold attacks as you move away!
The kobold hits you with a +0 whip.
You die...

..# ..# ..# ..# ..#### .....#
.....# #####
.....###########.K.#########
................@h.h..r...>#.r.
#########'##########...(....[..
#...# #######..h.. #...# .#...
###...### ...## #......<# ..#
###.......#### ..#
.............##########..#
......⌠......+...........#


You could see 2 jackals, a kobold and a rat.

Vanquished Creatures
  A dart slug (D:1)
  A bat (D:1)
  An endoplasm (D:1)
  A ball python (D:1)
  A frilled lizard (D:1)
  2 kobolds (D:1)
  A rat (D:1)
8 creatures vanquished.

Notes
Turn   | Place    | Note
-------+----------+-------------------------------------------
     0 | D:1      | BigSol the Octopode Transmuter began the quest for the Orb.
     0 | D:1      | Reached XP level 1. HP: 13/13 MP: 3/3
   123 | D:1      | Reached XP level 2. HP: 8/18 MP: 3/5
   127 | D:1      | Learned a level 2 spell: Wereblood
   208 | D:1      | Slain by a kobold

Illustrated notes

Levels and vault maps discovered:
D:1:      minmay_arrival_cross, layout_basic

Action                     || total
---------------------------++-------
  Melee: Unarmed           ||    15
         Kick              ||     5
         Constrict         ||     4
         Tentacles         ||     4
   Cast: Beastly Appendage ||     6
         Wereblood         ||     1
   Stab: Sleeping          ||     2
  Dodge: Dodged            ||    12
